 Dungeon Crawl Stone Soup version 0.28-a0-724-g66f9036eb4 (webtiles) character file.

Game seed: 14552497403416378175

376 pokeman the Magician (level 6, -6/34 HPs)
             Began as a Deep Elf Hedge Wizard on Oct 26, 2021.
             Mangled by Eustachio (10 damage)
             ... on level 4 of the Dungeon.
             The game lasted 00:07:06 (3866 turns).

pokeman the Magician (Deep Elf Hedge Wizard)        Turns: 3866, Time: 00:07:06

Health: -6/34      AC:  5    Str:  7    XL:     6   Next: 44%
Magic:  1/18       EV: 12    Int: 21    God:
Gold:   188        SH:  0    Dex: 14    Spells: 8/19 levels left

rFire   . . .      SeeInvis .   r - +4 quarterstaff (chaos)
rCold   . . .      Faith    .   (shield currently unavailable)
rNeg    . . .      Spirit   .   t - +0 leather armour
rPois   .          Reflect  .   m - +0 helmet
rElec   .          Harm     .   s - +0 cloak
rCorr   .          Rampage  .   (no gloves)
Will    .....                   (no boots)
Stlth   ++........              (no amulet)
HPRegen 0.11/turn               (no ring)
MPRegen 0.16/turn               (no ring)

@: no status effects
A: no striking features
a: no special abilities


You were on level 4 of the Dungeon.
You visited 1 branch of the dungeon, and saw 4 of its levels.

You collected 188 gold pieces.

Inventory:

Hand Weapons
 h - a +2 dagger of protection
 r - a +4 quarterstaff of chaos (weapon)
Missiles
 c - 21 arrows
Armour
 m - a +0 helmet (worn)
 s - a +0 cloak (worn)
 t - a +0 leather armour (worn)
Magical Staves
 o - a staff of conjuration
Wands
 n - a wand of paralysis (11)
Scrolls
 a - a scroll of enchant weapon {unknown}
 d - a scroll of teleportation {unknown}
 f - 4 scrolls of immolation {unknown}
 g - 6 scrolls of identify {unknown}
 j - a scroll of fog {unknown}
 q - a scroll of holy word {unknown}
Potions
 e - a potion of flight {unknown}
 i - a potion of curing {unknown}
 k - 2 potions of berserk rage {unknown}
 l - a potion of brilliance {unknown}
 p - a potion of attraction {unknown}


   Skills:
 - Level 1.1 Fighting
 - Level 1.1 Armour
 + Level 3.6 Dodging
 - Level 2.4 Stealth
 * Level 7.1 Spellcasting
 + Level 3.3 Conjurations
 - Level 1.1 Summonings
 - Level 1.1 Translocations
 - Level 1.0 Fire Magic
 + Level 1.7 Air Magic


You had 8 spell levels left.
You knew the following spells:

 Your Spells              Type           Power      Damage    Failure   Level
a - Magic Dart            Conj           84%        1d7       3%          1
b - Mephitic Cloud        Conj/Pois/Air  14%        N/A       19%         3
c - Call Imp              Summ           12%        N/A       12%         2
d - Blink                 Tloc           24%        N/A       12%         2
e - Conjure Flame         Conj/Fire      16%        6-21      16%         3

Your spell library contained the following spells:

 Spells                   Type           Power      Damage    Failure   Level
 Searing Ray              Conj           42%        2d6       4%          2
 Slow                     Hex            7%         N/A       19%         2
 Ignite Poison            Fire/Tmut/Pois 8%         N/A       32%         3
 Sticky Flame             Conj/Fire      16%        2d4       45%         4
 Fulminant Prism          Conj/Hex       7%         3d7       54%         4


Dungeon Overview and Level Annotations

Branches:
Dungeon (4/15)
 Temple: D:4-7

Altars:

Shops:
D:2 ([

Annotations:
D:4 Eustachio


Message History

The orc is killed!
Casting: Call Imp (safe; 12% risk of failure)
Confirm with . or Enter, or press ? or * to list all spells.
The spell is quite dangerous to cast (19% risk of failure)!
Continue anyway?
Aiming: Mephitic Cloud (quite dangerous; 19% risk of failure)
Press: ? - help, Shift-Dir - straight line, f/p - Eustachio
Aim: Eustachio, wielding a +0 rapier and wearing a +0 leather armour (heavily wounded, confused, chance to affect: 81%)
You feel a surge of power!
The ball explodes into a vile cloud!
The stinking cloud engulfs Eustachio but does no damage.
Eustachio is heavily wounded.
The stinking cloud engulfs the orc but does no damage.
The orc is lightly wounded.
The orc is engulfed in noxious fumes.
The orc appears confused.
Eustachio is engulfed in noxious fumes.
Unknown command.
Unknown command.
You hit the orc but do no damage.
The orc is moderately wounded.
Eustachio is engulfed in noxious fumes.
Eustachio hits the orc with a +0 rapier.
The orc is killed!
Eustachio hits himself with a +0 rapier.
Unknown command.
Your +4 quarterstaff of chaos is briefly surrounded by a scintillating aura of random colours.
r - a +4 quarterstaff of chaos (weapon)
Eustachio barely misses you.
Things that are here:
a +0 hand axe; a +0 scale mail You hit Eustachio.
Eustachio seems to grow stronger.
Eustachio is severely wounded.
Eustachio hits you with a +0 rapier.
You sock Eustachio!
Eustachio is almost dead.
Eustachio barely misses you.
You hit Eustachio.
Eustachio's magic leaks into the air.
Eustachio is almost dead.
Eustachio hits you with a +0 rapier!
* * * LOW HITPOINT WARNING * * *
Eustachio hits you with a +0 rapier!
You die...

#†####.# #......#
#.###..########
#..............
#####...#######
##°)##### #°.....#
#.@###.# #.@#
#.####.#
#######.###......#
#.........#.##.#.#
#...........# #
#.........#....#
#......[..######
#>......†.#
##.........#
#..........#####


You could see Eustachio (strong, confused).

Vanquished Creatures
  The ghost of SmokeWeed the Chucker, an amateur TrHu (D:3)
  A centaur skeleton (D:4)
  Crazy Yiuf (D:3)
  Jessica (D:2)
  Robin (D:2)
  A gnoll (D:1)
  3 adders
  2 dart slugs
  5 orcs
  6 ball pythons
  6 bats
  11 endoplasms
  5 giant cockroaches
  8 hobgoblins
  2 jackals (D:1)
  2 kobolds
  A quokka (D:1)
  A frilled lizard (D:1)
  14 goblins
  11 rats
83 creatures vanquished.

Vanquished Creatures (others)
  5 plants (D:1)
5 creatures vanquished.

Grand Total: 88 creatures vanquished

Notes
Turn   | Place    | Note
-------+----------+-------------------------------------------
     0 | D:1      | pokeman the Deep Elf Hedge Wizard began the quest for the
                  | Orb.
     0 | D:1      | Reached XP level 1. HP: 10/10 MP: 7/7
   235 | D:1      | Reached XP level 2. HP: 15/15 MP: 2/9
   885 | D:1      | Reached skill level 5 in Spellcasting
   989 | D:1      | Reached XP level 3. HP: 15/20 MP: 0/11
   993 | D:1      | Learned a level 3 spell: Mephitic Cloud
   996 | D:1      | Learned a level 2 spell: Call Imp
   999 | D:1      | Learned a level 2 spell: Blink
  1003 | D:1      | Learned a level 3 spell: Conjure Flame
  1589 | D:2      | Noticed Jessica
  1592 | D:2      | Killed Jessica
  1593 | D:2      | Reached skill level 1 in Fighting
  1593 | D:2      | Reached skill level 1 in Armour
  1595 | D:2      | Reached XP level 4. HP: 25/25 MP: 9/13
  1943 | D:2      | Noticed Robin
  1955 | D:2      | Killed Robin
  2056 | D:2      | Found Sylusari's Antique Weapon Emporium.
  2219 | D:2      | You fall into a shaft and drop 1 floor!
  2286 | D:3      | Found a runed translucent door.
  2287 | D:3      | Noticed Crazy Yiuf
  2424 | D:2      | Reached skill level 1 in Fire Magic
  2439 | D:2      | Reached skill level 6 in Spellcasting
  2819 | D:2      | Found Sor Irud's Armour Shop.
  2913 | D:3      | Reached XP level 5. HP: 29/29 MP: 13/15
  3041 | D:3      | Found a large runed translucent door.
  3041 | D:3      | Found a large runed translucent door.
  3042 | D:3      | Noticed SmokeWeed's ghost (amateur TrHu)
  3428 | D:3      | Killed SmokeWeed's ghost
  3429 | D:3      | Reached skill level 1 in Air Magic
  3429 | D:3      | Reached XP level 6. HP: 34/34 MP: 6/17
  3589 | D:3      | Killed Crazy Yiuf
  3794 | D:4      | Reached skill level 7 in Spellcasting
  3828 | D:4      | Noticed Eustachio
  3866 | D:4      | Mangled by Eustachio

Illustrated notes

Levels and vault maps discovered:
D:1:      minmay_arrival_radiant_lines, layout_basic, serial_forest,
          infiniplex_forest_lined_room_2, infiniplex_forest_diagonal,
          infiniplex_forest_end_2, infiniplex_forest_clump_curved,
          infiniplex_forest_lined_3, infiniplex_forest_end_1,
          infiniplex_forest_end_double, infiniplex_forest_straight_5
D:2:      layout_loops_ring, serial_shops, shop_statue,
          nicolae_shop_temple_entry_statues_fountains, st_stairs_10,
          uniq_jessica, uniq_robin
D:3:      layout_rooms, ebering_ghost_disaster_area, uniq_crazy_yiuf_cottage
D:4:      layout_basic, fedhas_altar_1, minmay_temple_entry_hall,
          uniq_eustachio, uniq_duvessa

Skill      XL: |  1  2  3  4  5  6 |
---------------+-------------------+-----
Spellcasting   | 5 6 7 |  7.1
Fighting       | 1 |  1.1
Armour         | 1 |  1.1
Conjurations   | 2 3 |  3.3
Fire Magic     | 1 |  1.0
Dodging        | 3 |  3.6
Air Magic      | 1 |  1.7
Stealth        | |  2.4
Summonings     | |  1.1
Translocations | |  1.1

Action                   |  1- 3 |  4- 6 || total
-------------------------+-------+-------++-------
Melee: Dagger            |    13 |    19 ||    32
       Staff             |       |    11 ||    11
       Quarterstaff      |       |     3 ||     3
 Cast: Magic Dart        |    76 |   115 ||   191
       Mephitic Cloud    |       |     4 ||     4
       Conjure Flame     |       |     5 ||     5
       Call Imp          |       |     2 ||     2
 Stab: Sleeping          |     1 |       ||     1
       Confused          |       |     2 ||     2
Armor: Robe              |     2 |     3 ||     5
       Leather armour    |       |     4 ||     4
Dodge: Dodged            |    12 |    22 ||    34

Table legend: (Time is in decaauts)
 A = Elapsed time spent in this place.
 B = Non-inter-level travel time spent in this place.
 C = Inter-level travel time spent in this place.
 D = Time resting spent in this place.
 E = Time spent auto-exploring this place.
 F = Levels seen in this place.
 G = Mean time per level.
                   A        B        C        D        E       F      G
               +--------+--------+--------+--------+--------+-----+--------+
         Total |   3868 |   3772 |     96 |    153 |   3092 |   4 |  967.0 |
       Dungeon |   3868 |   3772 |     96 |    153 |   3092 |   4 |  967.0 |
               +--------+--------+--------+--------+--------+-----+--------+

Top non-repeatable levels by time:
     D:1: 1588 daAuts
     D:2: 1112 daAuts
     D:3: 990 daAuts
     D:4: 177 daAuts
